 Dungeon Crawl Stone Soup version 0.31.0-1-g2c135a008e (webtiles) character file.

Game seed: 14940849590321477181

34937 Kallu the Gelid (level 13, -2/107 HPs)
             Began as a Demigod Ice Elementalist on Jan 20, 2024.
             Slain by a dire elephant simulacrum (21 damage)
             ... in an ice cave.
             The game lasted 00:47:18 (17143 turns).

Kallu the Gelid (Demigod Ice Elementalist)         Turns: 17143, Time: 00:47:19

Health: -2/107     AC: 11    Str: 13    XL:     13   Next: 14%
Magic:  23/29      EV: 21    Int: 37    God:
Gold:   819        SH:  0    Dex: 18    Spells: 10/28 levels left

rFire   + . .        G - +2 halberd (protect)
rCold   + . .        (shield currently unavailable)
rNeg    . . .        N - +4 robe of Augmentation {Str+4 Int+4 Dex+4}
rPois   .            (no helmet)
rElec   .            M - scarf {rC+ rF+}
rCorr   .            (no gloves)
SInv    .            s - +0 pair of boots
Will    +....        K - amulet of regeneration
Stlth   ++           r - +5 ring of evasion
HPRegen 1.17/turn    z - +4 ring of protection
MPRegen 0.21/turn

%: no passive effects
@: swift, quick
A: high MP 1, forlorn, divine attributes
a: no special abilities


You were in an ice cave.
You visited 2 branches of the dungeon, and saw 14 of its levels.
You also visited: Sewer, Ossuary and Ice Cave.

You collected 819 gold pieces.

Inventory:

Hand Weapons
 v - a +4 dagger of venom
 F - a +4 long sword
 G - a +2 halberd of protection (weapon)
Missiles
 c - 44 poisoned darts
 T - 2 throwing nets
Armour
 s - a +0 pair of boots (worn)
 M - a scarf of resistance (worn)
 N - the +4 robe of Augmentation (worn) {Str+4 Int+4 Dex+4}
   (You found it on level 10 of the Dungeon)

   Str+4:     It affects your strength (+4).
   Int+4:     It affects your intelligence (+4).
   Dex+4:     It affects your dexterity (+4).
Jewellery
 r - a +5 ring of evasion (left hand)
 u - an amulet of guardian spirit
 z - a +4 ring of protection (right hand)
 B - a ring of see invisible
 K - an amulet of regeneration (around neck)
 P - an amulet of magic regeneration
Wands
 y - a wand of charming (12)
 H - a wand of quicksilver (10)
 I - a wand of polymorph (8)
 U - a wand of mindburst (6)
 W - a wand of flame (3)
Scrolls
 a - a scroll of torment {unknown}
 d - 5 scrolls of vulnerability
 e - a scroll of summoning {unknown}
 f - 2 scrolls of poison {unknown}
 h - 6 scrolls of teleportation
 j - 3 scrolls of noise
 k - a scroll of enchant weapon
 o - 2 scrolls of revelation {unknown}
 p - 2 scrolls of fog
 t - a scroll of silence
 x - 2 scrolls of enchant armour
 C - 3 scrolls of amnesia {unknown}
 L - a scroll of immolation {unknown}
 O - 2 scrolls of acquirement {unknown}
 R - a scroll of blinking {unknown}
 S - a scroll of fear {unknown}
Potions
 b - a potion of magic
 g - 4 potions of brilliance
 i - 9 potions of heal wounds
 l - 6 potions of enlightenment
 m - 6 potions of curing {unknown}
 n - 3 potions of degeneration {unknown}
 q - 3 potions of lignification {unknown}
 w - a potion of attraction {unknown}
 A - 2 potions of cancellation {unknown}
 D - 4 potions of might {unknown}
 E - a potion of berserk rage {unknown}
 J - a potion of ambrosia {unknown}
 Q - a potion of haste
 V - a potion of mutation {unknown}


   Skills:
 - Level 8.0 Fighting
 - Level 7.0 Dodging
 - Level 3.0 Stealth
 - Level 8.0 Spellcasting
 - Level 4.0 Conjurations
 - Level 3.0 Summonings
 + Level 15.0 Ice Magic
 - Level 4.0 Air Magic
 - Level 4.0 Evocations


You had 10 spell levels left.
You knew the following spells:

 Your Spells              Type           Power      Damage    Failure   Level
a - Freeze                Ice            100%       1d10      0%          1
b - Frozen Ramparts       Ice            100%       1d16      0%          3
c - Ozocubu's Armour      Ice            90%        N/A       0%          3
d - Summon Ice Beast      Ice/Summ       69%        N/A       1%          3
e - Swiftness             Air            44%        N/A       1%          3
f - Freezing Cloud        Conj/Ice/Air   32%        6-21      3%          5

Your spell library contained the following spells:

 Spells                   Type           Power      Damage    Failure   Level
 Magic Dart               Conj           100%       1d8       1%          1
 Summon Small Mammal      Summ           100%       N/A       1%          1
 Call Imp                 Summ           74%        N/A       1%          2
 Ensorcelled Hibernation  Hex/Ice        100%       N/A       1%          2
 Searing Ray              Conj           88%        2d7       1%          2
 Slow                     Hex            56%        N/A       2%          1
 Cigotuvi's Dreadful Rot  Necr/Alch/Air  48%        N/A       2%          2
 Call Canine Familiar     Summ           37%        N/A       2%          3
 Mephitic Cloud           Conj/Alch/Air  34%        N/A       2%          3
 Dazzling Flash           Conj/Hex       58%        N/A       3%          3
 Sublimation of Blood     Necr           14%        N/A       4%          2
 Confusing Touch          Hex            14%        N/A       8%          3
 Gell's Gravitas          Tloc           14%        N/A       8%          3
 Passwall                 Erth           14%        N/A       8%          3
 Sigil of Binding         Hex            14%        N/A       8%          3
 Teleport Other           Tloc           14%        N/A       8%          3
 Vampiric Draining        Necr           14%        2d7       8%          3
 Fulminant Prism          Conj/Alch      14%        3d8       12%         4
 Martyr's Knell           Necr/Summ      25%        N/A       14%         4
 Summon Blazeheart Golem  Fire/Summ      25%        N/A       14%         4
 Dispel Undead            Necr           14%        3d10      26%         4
 Silence                  Hex/Air        14%        N/A       32%         5
 Curse of Agony           Necr           14%        N/A       58%         5
 Death Channel            Necr           7%         N/A       99%         6
 Dispersal                Tloc           7%         N/A       99%         6
 Polar Vortex             Ice            45%        12d6*     99%         9
 Summon Hydra             Summ           18%        N/A       100%        7


Dungeon Overview and Level Annotations

Branches:
Dungeon (10/15)            Temple (0/1) D:4            Lair (4/5) D:10
  Swamp (0/4) Lair:3        Snake (0/4) Lair:2          Orc (0/2) D:9
  Sewer (visited)         Ossuary (visited)           IceCv (1/1)
  Slime: Lair:4-5

Annotations:
Lair:2 3 runed translucent doors, GreatBamboolord's ghost, journeyman DEEE IceCv exclusion: ice statue


Innate Abilities, Weirdness & Mutations

You have an increased reservoir of magic. (+10% MP)
You shall have no god before yourself.
Your divine heritage dramatically boosts your attributes as you level up.


Message History

The elephant simulacrum completely misses your ice beast.
The elephant simulacrum trunk-slaps your ice beast.
The elephant simulacrum freezes your ice beast.
Your ice beast completely resists.
Your ice beast hits the elephant simulacrum but does no damage.
Press: ? - help, v - describe, . - travel
Here: a dire elephant simulacrum (moderately damaged)
The floor, spattered with blood.
Unknown command.
The dire elephant simulacrum attacks as it pursues you!
The dire elephant simulacrum tramples you!
You hold your ground!
The dire elephant simulacrum trunk-slaps you but does no damage.
The elephant simulacrum tramples your ice beast!
Your ice beast stumbles backwards!
Your ice beast hits the elephant simulacrum but does no damage.
The dire elephant simulacrum attacks as it pursues you!
The dire elephant simulacrum misses you.
The dire elephant simulacrum trunk-slaps you!
The dire elephant simulacrum freezes you!
You resist.
Casting: Summon Ice Beast (safe; 1% risk of failure)
Confirm with . or Enter, or press ? or * to list all spells.
You feel quick.
The dire elephant simulacrum completely misses you.
The dire elephant simulacrum trunk-slaps you.
The dire elephant simulacrum freezes you!
You resist.
* * * LOW HITPOINT WARNING * * *
Your ice beast hits the dire elephant simulacrum but does no damage.
Something tramples your ice beast.
Your ice beast holds its ground!
Something trunk-slaps your ice beast. Something freezes your ice beast.
Your ice beast completely resists.
The dire elephant simulacrum attacks as it pursues you!
The dire elephant simulacrum misses you.
The dire elephant simulacrum trunk-slaps you!
* * * LOW HITPOINT WARNING * * *
The dire elephant simulacrum freezes you!!
You resist.
You die...

#.###### ##..○§##
####...##.## #.☼☼°§Z#
#.#.#..#...## ##○§§.§§
##..##.#..#..## ##§§.#☼
#...####.Z#...## ##..#≈
##.#.#####Y###..### #..##
#..#.##..#..##....######~
##.##.##..Z.###.#...#####Z
#..#.###(@.####.#.#.#.##~#
##...#.##.⌠.###.####....#~#
#..##...#...##..# ##.#...#
#.####......##.## ####.##
##..###.#...##..# ###
##....#.##..##..## ###
#.###...###......## #.##
##..##..# ##..#...####..#
##..###.## ##.#.#..##...##


You could see a dire elephant simulacrum (ally target) and a friendly ice beast
(summoned).

Vanquished Creatures
  2 hydras (Lair:3)
  A boulder beetle (Lair:2)
  An alligator (Lair:3)
  2 two-headed ogres
  A lindwurm (Lair:2)
  An orc sorcerer (D:10)
  An ugly thing (IceCv)
  13 elephants
  2 black mambas
  2 torpor snails
  Maggie (Lair:2)
  Jeremiah (D:6)
  9 cane toads
  6 rime drakes
  An ice devil (IceCv)
  5 komodo dragons
  3 trolls (D:10)
  A polar bear (Lair:2)
  3 blink frogs (Lair:3)
  3 dream sheep (Lair:3)
  A vampire (D:10)
  5 wyverns
  38 yaks
  A steam dragon (D:6)
  A basilisk (Lair:2)
  2 nagas (Lair:2)
  A death yak simulacrum (IceCv)
  3 water moccasins
  4 ice beasts (D:7)
  A swamp drake (Lair:3)
  An orc warrior (D:8)
  A sky beast (D:8)
  5 black bears
  5 wolves
  2 centaurs
  An elf zombie (Ossuary)
  4 kobold brigands
  14 bullfrogs
  8 scorpions
  2 two-headed ogre simulacra (IceCv)
  9 wights
  2 elephant simulacra (IceCv)
  5 bombardier beetles
  An electric eel (Lair:2)
  2 howler monkeys
  2 jellies
  A gnoll bouda (D:9)
  A hound (D:4)
  3 human zombies (Ossuary)
  An orc priest (D:7)
  2 sleepcaps (D:6)
  3 iguanas
  6 orc wizards
  2 spriggan simulacra (IceCv)
  2 troll simulacra (IceCv)
  A wolf simulacrum (IceCv)
  A hound zombie (Ossuary)
  2 mummies (Ossuary)
  3 gnolls (D:9)
  5 naga simulacra (IceCv)
  8 adders
  5 river rats
  2 shadow imps
  4 white imps
  6 ufetubi (IceCv)
  3 adder zombies (Ossuary)
  4 ribbon worms
  2 dart slugs
  24 orcs
  7 ball pythons
  4 bats
  6 endoplasms
  6 giant cockroaches
  5 gnoll zombies (Ossuary)
  7 goblins
  4 hobgoblins
  A jackal (Sewer)
  24 kobolds
  3 quokkas
  A frilled lizard (D:2)
  6 jackal zombies (Ossuary)
  5 kobold zombies (Ossuary)
  6 orc zombies (Ossuary)
  6 rats
362 creatures vanquished.

Vanquished Creatures (collateral kills)
  A lindwurm (Lair:2)
  An orc sorcerer (D:9)
  4 elephants
  A komodo dragon (Lair:2)
  A blink frog (Lair:3)
  2 dream sheep (Lair:3)
  A wraith (D:8)
  A harpy simulacrum (IceCv)
  A naga (Lair:2)
  An ice beast (D:6)
  4 wights
  2 troll simulacra (IceCv)
  3 spriggan simulacra (IceCv)
  A naga simulacrum (IceCv)
  3 white imps (IceCv)
  An ufetubus (IceCv)
  2 adder zombies (Ossuary)
  A gnoll zombie (Ossuary)
  2 jackal zombies (Ossuary)
  2 kobold zombies (Ossuary)
35 creatures vanquished.

Grand Total: 397 creatures vanquished

Notes
Turn   | Place    | Note
-------+----------+-------------------------------------------
     0 | D:1      | Kallu the Demigod Ice Elementalist began the quest for the
                  | Orb.
     0 | D:1      | Reached XP level 1. HP: 14/14 MP: 5/5
   333 | D:1      | Reached XP level 2. HP: 20/20 MP: 6/8
  1136 | D:2      | Reached XP level 3. HP: 21/26 MP: 5/10
  1140 | D:2      | Learned a level 3 spell: Frozen Ramparts
  1874 | D:3      | Reached skill level 1 in Fighting
  1874 | D:3      | Reached skill level 4 in Ice Magic
  1874 | D:3      | Reached XP level 4. HP: 27/35 MP: 6/11
  1911 | D:3      | Learned a level 3 spell: Ozocubu's Armour
  2210 | D:3      | Found a glowing drain.
  2216 | Sewer    | Entered a sewer
  2337 | Sewer    | Noticed a kobold brigand
  2360 | Sewer    | Killed a kobold brigand
  2361 | Sewer    | Reached skill level 5 in Ice Magic
  2361 | Sewer    | Reached XP level 5. HP: 39/40 MP: 3/12
  3317 | D:4      | Reached skill level 6 in Ice Magic
  3317 | D:4      | Reached XP level 6. HP: 26/47 MP: 10/14
  3633 | D:4      | Found a staircase to the Ecumenical Temple.
  4302 | D:4      | Noticed a water moccasin
  4306 | D:4      | Killed a water moccasin
  4439 | D:4      | Identified the orb of Tireas {mayhem, rElec rC++ Dex-2 Air}
  4524 | D:4      | Reached XP level 7. HP: 59/59 MP: 8/15
  4645 | D:5      | Entered Level 5 of the Dungeon
  4988 | D:5      | Learned a level 3 spell: Summon Ice Beast
  5022 | D:5      | Reached skill level 5 in Dodging
  5650 | D:6      | Reached XP level 8. HP: 61/66 MP: 12/17
  6049 | D:6      | Reached skill level 7 in Ice Magic
  6146 | D:6      | Noticed Jeremiah
  6224 | D:6      | Killed Jeremiah
  6225 | D:6      | Reached skill level 8 in Ice Magic
  6225 | D:6      | Reached skill level 1 in Summonings
  6882 | D:7      | Reached XP level 9. HP: 40/71 MP: 13/19
  7014 | D:7      | Found a sand-covered staircase.
  7023 | Ossuary  | Entered an ossuary
  7269 | Ossuary  | Reached skill level 5 in Spellcasting
  8090 | D:7      | Reached skill level 9 in Ice Magic
  8458 | D:7      | Reached skill level 10 in Ice Magic
  9287 | D:8      | Reached skill level 5 in Fighting
  9652 | D:8      | Reached XP level 10. HP: 76/79 MP: 13/21
  9987 | D:8      | Noticed a two-headed ogre
  9992 | D:8      | Killed a two-headed ogre
 10509 | D:9      | Reached skill level 1 in Evocations
 10804 | D:9      | Found a staircase to the Orcish Mines.
 11181 | D:10     | Entered Level 10 of the Dungeon
 11182 | D:10     | Noticed an orc sorcerer
 11183 | D:10     | Noticed an orc sorcerer
 11190 | D:10     | Reached skill level 1 in Air Magic
 11191 | D:10     | Noticed a sixfirhy
 11198 | D:9      | Killed an orc sorcerer
 11205 | D:10     | Killed an orc sorcerer
 11375 | D:10     | Found the +4 robe of Augmentation {Str+4 Int+4 Dex+4}
 11388 | D:10     | Noticed a two-headed ogre
 11401 | D:10     | Killed a two-headed ogre
 11402 | D:10     | Reached XP level 11. HP: 83/94 MP: 15/23
 12100 | D:10     | Found a staircase to the Lair.
 12298 | D:10     | Learned a level 3 spell: Swiftness
 12337 | Lair:1   | Entered Level 1 of the Lair of Beasts
 13277 | Lair:1   | Reached skill level 11 in Ice Magic
 13634 | Lair:2   | Found a staircase to the Snake Pit.
 13727 | Lair:2   | Noticed a boulder beetle
 14028 | Lair:2   | Got Sif Muna's Incunable of Firn
 14038 | Lair:2   | Reached skill level 1 in Conjurations
 14053 | Lair:2   | Reached XP level 12. HP: 101/101 MP: 22/28
 14338 | Lair:2   | Learned a level 5 spell: Freezing Cloud
 14342 | Lair:2   | Noticed Maggie
 14348 | Lair:2   | Killed Maggie
 14355 | Lair:2   | Killed a boulder beetle
 14356 | Lair:2   | Reached skill level 12 in Ice Magic
 14481 | Lair:2   | Found a runed translucent gate.
 14481 | Lair:2   | Found a runed translucent gate.
 14481 | Lair:2   | Found a runed translucent gate.
 14482 | Lair:2   | Noticed GreatBamboolord's ghost (journeyman DEEE)
 14912 | Lair:2   | Reached skill level 13 in Ice Magic
 15100 | Lair:3   | Noticed a five-headed hydra
 15119 | Lair:3   | Killed a five-headed hydra
 15282 | Lair:3   | Noticed an eight-headed hydra
 15294 | Lair:3   | Killed an eight-headed hydra
 15295 | Lair:3   | Reached skill level 14 in Ice Magic
 15839 | Lair:3   | Reached XP level 13. HP: 107/107 MP: 19/29
 16069 | Lair:3   | Found a staircase to the Swamp.
 16183 | Lair:4   | Found a frozen archway.
 16225 | IceCv    | Entered an ice cave
 16774 | IceCv    | Reached skill level 15 in Ice Magic
 17083 | IceCv    | Noticed a reaper
 17143 | IceCv    | Slain by a dire elephant simulacrum

Illustrated notes

Levels and vault maps discovered:
D:1:      amcnicky_arrival_single_pillar, layout_loops_ring,
          nicolae_ecumenical_lake_church
D:2:      layout_basic, serial_bayou_lagoon_a, skrybe_limestone_x,
          grunt_ministairs_12, serial_park_tiny_2
D:3:      layout_rooms, jmf_multi_god_temple2, gup_sewer_entry_bubbles
D:4:      black_bear_nest_2, layout_basic, ashenzari_conservatory_becter,
          minmay_temple_entry_arrows
D:5:      layout_gridville
D:6:      layout_gridville, serial_park_tiny_2, feat_on_display, uniq_jeremiah
D:7:      kennysheep_spiral_hall, layout_basic, nicolae_ossuary_entry_ruins
D:8:      cheibrodos_quashed, layout_loops_cross
D:9:      layout_gridville, tso_altar
D:10:     cheibrodos_wizards_tower, layout_loops_ring,
          mainiacjoe_overflow_catwalk, mainiacjoe_overflow_alcove_1,
          grunt_lair_entry_orc_guard_hut, minmay_stone_trees_small,
          hangedman_decor_lopped
Lair:1:   layout_gridlike, infiniplex_staircase_pool, grunt_megastairs_2
Lair:2:   layout_gridlike, minmay_snake_entry_guardpost_small,
          gammafunk_ghost_ooze, nicolae_lair_lindhole, serial_bayou_shore_a,
          uniq_maggie
Lair:3:   layout_big_grid, mainiacjoe_swamp_entry_lozenge_pond
Lair:4:   layout_regular_city, nicolae_slime_entry_slimehenge,
          portal_ice_cave_rime, nicolae_quartered_pool_super,
          chequers_serial_rivers_micro_b
IceCv:    ice_cave_caverns_03

Skill      XL: |  1  2  3  4  5  6  7  8  9 10 11 12 13 |
---------------+----------------------------------------+-----
Spellcasting   | 2 3 4 5 8 |  8.0
Fighting       | 1 4 6 8 |  8.0
Ice Magic      | 4 5 6 8 10 11 14 15 | 15.0
Dodging        | 2 5 7 |  7.0
Summonings     | 3 |  3.0
Stealth        | 3 |  3.0
Evocations     | 4 |  4.0
Air Magic      | 4 |  4.0
Conjurations   | 1 4 |  4.0

Action                     |  1- 3 |  4- 6 |  7- 9 | 10-12 | 13-15 || total
---------------------------+-------+-------+-------+-------+-------++-------
  Melee: Unarmed           |    23 |       |       |       |       ||    23
         Short sword       |    11 |    52 |       |       |       ||    63
         Dagger            |       |    11 |   385 |       |       ||   396
         Punch             |       |       |     7 |       |       ||     7
         Halberd           |       |       |    42 |   382 |   154 ||   578
   Cast: Freeze            |    55 |    48 |     7 |    31 |       ||   141
         Frozen Ramparts   |       |    17 |    35 |    59 |       ||   111
         Ozocubu's Armour  |       |     6 |    25 |    31 |    10 ||    72
         Summon Ice Beast  |       |       |    18 |    20 |    15 ||    53
         Swiftness         |       |       |       |     4 |     1 ||     5
         Freezing Cloud    |       |       |       |    21 |     7 ||    28
  Evoke: Wand              |       |       |       |       |    11 ||    11
    Use: Scroll            |       |       |     6 |     3 |     1 ||    10
         Potion            |       |       |     1 |       |       ||     1
   Stab: Sleeping          |     1 |       |    12 |     2 |       ||    15
         Distracted        |       |       |     5 |     5 |     1 ||    11
 Armour: Robe              |    37 |    56 |   186 |   404 |   144 ||   827
         Skin              |       |       |       |     5 |       ||     5
  Dodge: Dodged            |    44 |    80 |   450 |   645 |   300 ||  1519
